SAA
DURHAM RAPIERS @ ATHLETIC CLUB KC ACADEMY
08/29/2030
 
TOP OF THE 1ST
Durham Rapiers batting - Pitching for Athletic Club KC Academy : RHP Byron Rosebotham
Pitching: RHP Byron Rosebotham
Batting: LHB Alberto Garza 0-0: Ball
1-0: Fly out, F4 (Line Drive, 4)
Batting: RHB Tomás Costello 0-0: Ball
1-0: Ball
2-0: Swinging Strike
2-1: Foul Ball, location: 2F
2-2: Fly out, F3 (Popup, 3SF)
Batting: SHB Wenceslas Holbeche 0-0: Called Strike
0-1: Ground out 6-3 (Groundball, 56D)
Top of the 1st over - 0 runs, 0 hits, 0 errors, 0 left on base; Durham 0 - Athletic Club KC Academy 0
BOTTOM OF THE 1ST
Athletic Club KC Academy batting - Pitching for Durham Rapiers : RHP Edward Scarborough
Pitching: RHP Edward Scarborough
Batting: LHB Takayuki Yoshikawa 0-0: Ball
1-0: Foul Ball, location: 2F
1-1: Swinging Strike
1-2: SINGLE (Groundball, 56D)
Batting: LHB Ramón Morterero 0-0: Fly out, F5 (Popup, 5SF)
Batting: RHB Colin Bottone 0-0: Ball
1-0: Ball
2-0: Swinging Strike
2-1: SINGLE (Groundball, 6MD)
Takayuki Yoshikawa to second
Batting: LHB Pablo Hernández 0-0: Ball
Takayuki Yoshikawa is caught stealing 3rd base
1-0: Ball
2-0: Called Strike
2-1: Swinging Strike
2-2: Fielders Choice at 2nd, 6-4 (Groundball, 6)
Bottom of the 1st over - 0 runs, 2 hits, 0 errors, 1 left on base; Durham 0 - Athletic Club KC Academy 0
TOP OF THE 2ND
Durham Rapiers batting - Pitching for Athletic Club KC Academy : RHP Byron Rosebotham
Batting: RHB Vincent Klein 0-0: Ball
1-0: Foul Ball, location: 2F
1-1: Foul Ball, location: 2F
1-2: Foul Ball, location: 2F
1-2: Ball
2-2: Fly out, F4 (Popup, 4)
Batting: RHB Armando Chamú 0-0: Swinging Strike
0-1: Ball
1-1: Foul Ball, location: 2F
1-2: Ball
2-2: Ball
3-2: Base on Balls
Batting: RHB Raúl Moreno 0-0: Ball
1-0: Ball
2-0: Called Strike
2-1: Grounds into double play, 4-6-3 (Groundball, 34)
Top of the 2nd over - 0 runs, 0 hits, 0 errors, 0 left on base; Durham 0 - Athletic Club KC Academy 0
BOTTOM OF THE 2ND
Athletic Club KC Academy batting - Pitching for Durham Rapiers : RHP Edward Scarborough
Batting: RHB Roger Caffyn 0-0: Called Strike
0-1: Ball
1-1: SINGLE (Groundball, 6MD)
Batting: RHB Tae-kyun Chon 0-0: Called Strike
0-1: Ball
1-1: Ball
2-1: Called Strike
2-2: Foul Ball, location: 2F
2-2: Ball
3-2: Fly out, F5 (Popup, 5S)
Batting: RHB Dewey Nauss 0-0: Ball
1-0: Foul Ball, location: 2F
1-1: Ball
2-1: Fly out, F7 (Flyball, 7S)
Batting: RHB Tasuku Goto 0-0: Called Strike
0-1: Ball
Roger Caffyn steals 2nd base
1-1: Ball
2-1: Fly out, F7 (Flyball, 78S)
Bottom of the 2nd over - 0 runs, 1 hit, 0 errors, 1 left on base; Durham 0 - Athletic Club KC Academy 0
TOP OF THE 3RD
Durham Rapiers batting - Pitching for Athletic Club KC Academy : RHP Byron Rosebotham
Batting: RHB Yoshi Kouda 0-0: Ground out 5-3 (Groundball, 5S)
Batting: RHB Lu-fang Koo 0-0: Called Strike
0-1: Foul Ball, location: 2F
0-2: Ball
1-2: Ball
2-2: Ball
3-2: Base on Balls
Batting: RHB Júlio Gonzáles 0-0: Ball
1-0: Foul Ball, location: 2F
1-1: Ball
2-1: Grounds into double play, 5-4-3 (Groundball, 5)
Top of the 3rd over - 0 runs, 0 hits, 0 errors, 0 left on base; Durham 0 - Athletic Club KC Academy 0
BOTTOM OF THE 3RD
Athletic Club KC Academy batting - Pitching for Durham Rapiers : RHP Edward Scarborough
Batting: RHB Troy Whitehurst 0-0: Ball
1-0: Fly out, F3 (Popup, 3SF)
Pitching: RHP Archibald Bridgestone
Batting: LHB Takayuki Yoshikawa 0-0: Called Strike
0-1: Fly out, F8 (Line Drive, 89M)
Batting: LHB Ramón Morterero 0-0: Ball
1-0: Ball
2-0: Called Strike
2-1: Swinging Strike
2-2: Ball
3-2: Base on Balls
Batting: RHB Colin Bottone 0-0: Ball
1-0: Ball
Ramón Morterero is caught stealing 2nd base
Bottom of the 3rd over - 0 runs, 0 hits, 0 errors, 0 left on base; Durham 0 - Athletic Club KC Academy 0
TOP OF THE 4TH
Durham Rapiers batting - Pitching for Athletic Club KC Academy : RHP Byron Rosebotham
Batting: LHB Alberto Garza 0-0: Ball
1-0: Called Strike
1-1: Ground out 4-3 (Groundball, 4)
Batting: RHB Tomás Costello 0-0: Ball
1-0: Called Strike
1-1: SINGLE (Groundball, 56D)
Batting: SHB Wenceslas Holbeche 0-0: Ball
1-0: Called Strike
1-1: Fly out, F8 (Flyball, 78D)
Batting: RHB Vincent Klein 0-0: Foul Ball, location: 2F
0-1: Foul Ball, location: 2F
0-2: Ball
1-2: Strikes out swinging
Top of the 4th over - 0 runs, 1 hit, 0 errors, 1 left on base; Durham 0 - Athletic Club KC Academy 0
BOTTOM OF THE 4TH
Athletic Club KC Academy batting - Pitching for Durham Rapiers : RHP Archibald Bridgestone
Batting: RHB Colin Bottone 0-0: Fly out, F2 (Popup, 13S)
Batting: LHB Pablo Hernández 0-0: Fly out, F9 (Flyball, 9)
Batting: RHB Roger Caffyn 0-0: Ball
1-0: Foul Ball, location: 2F
1-1: Foul Ball, location: 2F
1-2: Ball
2-2: Foul Ball, location: 2F
2-2: DOUBLE (Line Drive, 78D)
Batting: RHB Tae-kyun Chon 0-0: Called Strike
0-1: Ball
1-1: Called Strike
1-2: SINGLE (Line Drive, 6M)
Roger Caffyn to third
Runner from 3rd tries for Home, SAFE, no throw
Batting: RHB Dewey Nauss 0-0: Called Strike
0-1: Ball
1-1: Called Strike
1-2: Foul Ball, location: 2F
1-2: SINGLE (Line Drive, 56)
Tae-kyun Chon to second
Batting: RHB Tasuku Goto 0-0: SINGLE (Line Drive, 56)
Tae-kyun Chon to third
Dewey Nauss to second
Runner from 3rd tries for Home, SAFE, no throw
Batting: RHB Troy Whitehurst 0-0: Called Strike
0-1: Ball
1-1: Swinging Strike
1-2: Foul Ball, location: 2F
1-2: Ball
2-2: Strikes out swinging
Bottom of the 4th over - 2 runs, 4 hits, 0 errors, 2 left on base; Durham 0 - Athletic Club KC Academy 2
TOP OF THE 5TH
Durham Rapiers batting - Pitching for Athletic Club KC Academy : RHP Byron Rosebotham
Batting: RHB Armando Chamú 0-0: Called Strike
0-1: Ball
1-1: Swinging Strike
1-2: Ball
2-2: Ball
3-2: Ground out 5-3 (Groundball, 56)
Batting: RHB Raúl Moreno 0-0: Ground out 5-3 (Groundball, 56S)
Batting: RHB Yoshi Kouda 0-0: Ball
1-0: Ball
2-0: Called Strike
2-1: Swinging Strike
2-2: SINGLE (Flyball, 89M)
Batting: RHB Lu-fang Koo 0-0: Ball
1-0: Called Strike
1-1: Ball
2-1: Fielders Choice at 2nd, 6-4 (Groundball, 6)
Top of the 5th over - 0 runs, 1 hit, 0 errors, 1 left on base; Durham 0 - Athletic Club KC Academy 2
BOTTOM OF THE 5TH
Athletic Club KC Academy batting - Pitching for Durham Rapiers : RHP Archibald Bridgestone
Batting: LHB Takayuki Yoshikawa 0-0: Swinging Strike
0-1: Ball
1-1: Ball
2-1: Foul Ball, location: 2F
2-2: Strikes out looking
Batting: LHB Ramón Morterero 0-0: Ball
1-0: Called Strike
1-1: Foul Ball, location: 2F
1-2: Ball
2-2: Ball
3-2: Foul Ball, location: 2F
3-2: SINGLE (Groundball, 4MS) (infield hit)
Batting: RHB Colin Bottone 0-0: Ball
1-0: Ground out 5-3 (Groundball, 56S)
Ramón Morterero to second
Batting: LHB Pablo Hernández 0-0: Ball
1-0: Swinging Strike
1-1: Ball
2-1: Ground out 6-3 (Groundball, 6)
Bottom of the 5th over - 0 runs, 1 hit, 0 errors, 1 left on base; Durham 0 - Athletic Club KC Academy 2
TOP OF THE 6TH
Durham Rapiers batting - Pitching for Athletic Club KC Academy : RHP Byron Rosebotham
Batting: RHB Júlio Gonzáles 0-0: Ball
1-0: Foul Ball, location: 2F
1-1: Ball
2-1: Foul Ball, location: 2F
2-2: Foul Ball, location: 2F
2-2: Ball
3-2: Strikes out looking
Batting: LHB Alberto Garza 0-0: Ball
1-0: Called Strike
1-1: Foul Ball, location: 2F
1-2: Ball
2-2: Foul Ball, location: 2F
2-2: Ground out 5-3 (Groundball, 5)
Batting: RHB Tomás Costello 0-0: Swinging Strike
0-1: Swinging Strike
0-2: Strikes out swinging
Top of the 6th over - 0 runs, 0 hits, 0 errors, 0 left on base; Durham 0 - Athletic Club KC Academy 2
BOTTOM OF THE 6TH
Athletic Club KC Academy batting - Pitching for Durham Rapiers : RHP Archibald Bridgestone
Batting: RHB Roger Caffyn 0-0: Ball
1-0: Called Strike
1-1: Called Strike
1-2: Strikes out swinging
Batting: RHB Tae-kyun Chon 0-0: Called Strike
0-1: Called Strike
0-2: SINGLE (Line Drive, 4D)
Batting: RHB Dewey Nauss 0-0: Ball
1-0: Ball
2-0: Called Strike
2-1: Swinging Strike
2-2: Fly out, F7 (Flyball, 7)
Pitching: RHP Stu Noble
Batting: RHB Tasuku Goto 0-0: Called Strike
0-1: Ball
1-1: Ball
Throwing error on steal attempt, E2
Tae-kyun Chon to third
2-1: SINGLE (Line Drive, 4D)
Tae-kyun Chon scores
Batting: RHB Troy Whitehurst 0-0: Ball
Tasuku Goto steals 2nd base
1-0: Foul Ball, location: 2F
1-1: Ball
2-1: Ball
3-1: Fly out, F6 (Popup, 56D)
Bottom of the 6th over - 1 run, 2 hits, 1 error, 1 left on base; Durham 0 - Athletic Club KC Academy 3
TOP OF THE 7TH
Durham Rapiers batting - Pitching for Athletic Club KC Academy : RHP Byron Rosebotham
Now in RF: Arturo Annunziato
Batting: SHB Wenceslas Holbeche 0-0: Ball
1-0: SINGLE (Line Drive, 34)
Batting: RHB Vincent Klein 0-0: Ball
1-0: Called Strike
1-1: Grounds into double play, 4-6-3 (Groundball, 4)
Batting: RHB Armando Chamú 0-0: Ball
1-0: Fly out, F4 (Popup, 23)
Top of the 7th over - 0 runs, 1 hit, 0 errors, 0 left on base; Durham 0 - Athletic Club KC Academy 3
BOTTOM OF THE 7TH
Athletic Club KC Academy batting - Pitching for Durham Rapiers : RHP Stu Noble
Batting: LHB Takayuki Yoshikawa 0-0: Ball
1-0: Ball
2-0: Fly out, F8 (Flyball, 8LM)
Batting: LHB Ramón Morterero 0-0: Foul Ball, location: 2F
0-1: Called Strike
0-2: Ball
1-2: Ball
2-2: Fly out, F8 (Flyball, 78S)
Batting: RHB Colin Bottone 0-0: Called Strike
0-1: Called Strike
0-2: Foul Ball, location: 2F
0-2: Fly out, F9 (Flyball, 9S)
Bottom of the 7th over - 0 runs, 0 hits, 0 errors, 0 left on base; Durham 0 - Athletic Club KC Academy 3
TOP OF THE 8TH
Durham Rapiers batting - Pitching for Athletic Club KC Academy : RHP Byron Rosebotham
Now at 2B: Roberto Romero
Batting: RHB Raúl Moreno 0-0: Hit by Pitch
Batting: RHB Yoshi Kouda 0-0: Ball
1-0: Ball
2-0: SINGLE (Groundball, 34D)
Raúl Moreno to second
Runner from 2nd tries for 3rd, SAFE, no throw
Pitching: RHP Adam Oldenkamp
Batting: RHB Lu-fang Koo Pickoff Throw to First - Out!
0-0: Ball
1-0: Foul Ball, location: 2F
1-1: Ball
2-1: Swinging Strike
2-2: Ball
3-2: Foul Ball, location: 2F
3-2: Ground out 4-3 (Groundball, 34)
Raúl Moreno scores
Batting: RHB Júlio Gonzáles 0-0: Ball
1-0: Foul Ball, location: 2F
1-1: Ball
2-1: Foul Ball, location: 2F
2-2: Ball
3-2: Base on Balls
Batting: LHB Alberto Garza 0-0: Ball
1-0: Ball
2-0: Called Strike
2-1: Ground out 1-3 (Groundball, 15S)
Top of the 8th over - 1 run, 1 hit, 0 errors, 1 left on base; Durham 1 - Athletic Club KC Academy 3
BOTTOM OF THE 8TH
Athletic Club KC Academy batting - Pitching for Durham Rapiers : RHP Stu Noble
Batting: LHB Pablo Hernández 0-0: SINGLE (Groundball, 56D)
Batting: RHB Roger Caffyn 0-0: Ball
1-0: Called Strike
1-1: Ball
2-1: Ball
3-1: Swinging Strike
3-2: Base on Balls
Pablo Hernández to second
Batting: RHB Tae-kyun Chon 0-0: Bunt missed!
0-1: Bunt missed!
0-2: Ball
1-2: Ball
2-2: Ball
3-2: Strikes out looking
Pitching: RHP Mark Sinclair
Batting: RHB Dewey Nauss 0-0: Ball
1-0: SINGLE (Flyball, 8LS)
Pablo Hernández to third
Roger Caffyn to second
Runner from 3rd tries for Home, SAFE, no throw
Batting: RHB Tasuku Goto 0-0: Ball
1-0: Ball
2-0: Fly out, F4 (Popup, 3D)
Batting: RHB Arturo Annunziato 0-0: Called Strike
0-1: Fly out, F9 (Flyball, 9D)
Bottom of the 8th over - 1 run, 2 hits, 0 errors, 2 left on base; Durham 1 - Athletic Club KC Academy 4
TOP OF THE 9TH
Durham Rapiers batting - Pitching for Athletic Club KC Academy : RHP Adam Oldenkamp
Pitching: RHP Alberto Ortíz
Batting: RHB Tomás Costello 0-0: Ball
1-0: Ball
2-0: Ball
3-0: Base on Balls
Batting: SHB Wenceslas Holbeche 0-0: Ball
1-0: Ball
2-0: Called Strike
2-1: Fly out, F8 (Flyball, 8LD)
Batting: RHB Vincent Klein 0-0: Ball
1-0: Foul Ball, location: 2F
1-1: Foul Ball, location: 2F
1-2: Ball
2-2: Grounds into double play, 5-4-3 (Groundball, 5)
Top of the 9th over - 0 runs, 0 hits, 0 errors, 0 left on base; Durham 1 - Athletic Club KC Academy 4
Sunday, March 18th, 2018 - OOTP Baseball 18.8 Build 76